General information
			
			
        
        - name: BNet
 
        - type: Ladder team game (AT/RT)
 
        - host: Battle.net
 
        - saver: TIMG4STRok
 
        
map: TwistedMeadows 
        - players: 4
 
        - length: 13:59
 
        - speed: Fast
 - version: 1.22 W3XP
 - replay type:  

 
» download(100 KB)
Players
        team 1 (winner) 
              
              
NADMaN (
green | 139 APM | 1948 actions | 13:58)
              
 3 Demon Hunter 
 2 Mana Burn
 1 Evasion
 1 Naga Sea Witch 
 1 Frost Arrows
 
                » actions 
                
                | Assign group hotkey | 17 |  | 
| Basic commands | 32 |  | 
| Build / train | 46 |  | 
| ESC pressed | 2 |  | 
| Enter build submenu | 17 |  | 
| Enter hero's abilities submenu | 4 |  | 
| Give item / drop item | 2 |  | 
| Right click | 860 |  | 
| Select / deselect | 212 |  | 
| Select group hotkey | 699 |  | 
| Use ability | 57 |  | 
                1948 total
 » units 
                
                | Wisp | 10 |  | 
| Huntress | 7 |  | 
| Dryad | 3 |  | 
| Faerie Dragon | 3 |  | 
| Mountain Giant | 1 |  | 
                24 total
 » upgrades
                
                | Abolish Magic | 1 |  | 
| Hardened Skin | 1 |  | 
                2 total
 » buildings
                
                | Altar of Elders | 1 |  | 
| Moon Well | 8 |  | 
| Ancient of War | 1 |  | 
| Hunter's Hall | 1 |  | 
| Tree of Ages | 1 |  | 
| Ancient of Lore | 1 |  | 
| Ancient of Wind | 1 |  | 
| Ancient of Wonders | 1 |  | 
| Tree of Eternity | 2 |  | 
                17 total
 » build order
                00:07 Altar of Elders
00:17 Moon Well
01:53 Ancient of War
01:57 Hunter's Hall
02:12 Moon Well
02:16 Moon Well
03:42 Tree of Ages
04:58 Moon Well
06:33 Ancient of Lore
06:38 Ancient of Wind
06:57 Moon Well
08:00 Ancient of Wonders
10:08 Tree of Eternity
10:08 Tree of Eternity
10:29 Moon Well
10:34 Moon Well
12:26 Moon Well
» items
                
                | Boots of Speed | 1 |  | 
| Healing Salve | 4 |  | 
| Scroll of Town Portal | 2 |  | 
| Lesser Clarity Potion | 1 |  | 
| Scroll of Speed | 1 |  | 
                9 total
  
               
              
              
TIMG4STRok (
yellow | 188 APM | 2629 actions | 13:59)
              
 2 Blademaster 
 1 Wind Walk
 1 Critical Strike
 1 Shadow Hunter 
 1 Hex
 
                » actions 
                
                | Assign group hotkey | 26 |  | 
| Basic commands | 28 |  | 
| Build / train | 42 |  | 
| ESC pressed | 1 |  | 
| Enter build submenu | 14 |  | 
| Enter hero's abilities submenu | 3 |  | 
| Give item / drop item | 3 |  | 
| Right click | 1077 |  | 
| Select / deselect | 208 |  | 
| Select group hotkey | 1167 |  | 
| Use ability | 60 |  | 
                2629 total
 » units 
                
                | Peon | 7 |  | 
| Grunt | 5 |  | 
| Raider | 3 |  | 
| Spirit Walker | 2 |  | 
| Demolisher | 2 |  | 
                19 total
 » upgrades
                
                | Spirit Walker Training | 1 |  | 
| Ensnare | 1 |  | 
| Berserker Strength | 1 |  | 
| Pillage | 1 |  | 
| Melee Weapons | 1 |  | 
| Armor | 1 |  | 
| Spiked Barricades | 1 |  | 
| Burning Oil | 1 |  | 
| Reinforced Defenses | 1 |  | 
                9 total
 » buildings
                
                | Altar of Storms | 1 |  | 
| Orc Burrow | 6 |  | 
| Barracks | 1 |  | 
| Stronghold | 2 |  | 
| Beastiary | 1 |  | 
| Spirit Lodge | 1 |  | 
| Voodoo Lounge | 1 |  | 
| War Mill | 1 |  | 
| Fortress | 1 |  | 
| Great Hall | 1 |  | 
                16 total
 » build order
                00:16 Altar of Storms
00:30 Orc Burrow
00:54 Barracks
01:37 Orc Burrow
01:41 Orc Burrow
02:44 Stronghold
03:43 Orc Burrow
05:11 Beastiary
05:13 Spirit Lodge
05:15 Voodoo Lounge
06:36 Orc Burrow
07:41 War Mill
10:18 Orc Burrow
10:22 Fortress
10:26 Great Hall
» items
                
                | Healing Salve | 2 |  | 
| Lesser Clarity Potion | 2 |  | 
| Scroll of Speed | 1 |  | 
                5 total
  
               team 2 (loser) 
              
              
» 
EmineM- (
red | 174 APM | 2434 actions | 13:58)
              
 2 Archmage 
 1 Summon Water Elemental
 1 Brilliance Aura
 1 Mountain King 
 1 Storm Bolt
 
                » actions 
                
                | Assign group hotkey | 44 |  | 
| Basic commands | 17 |  | 
| Build / train | 54 |  | 
| Enter build submenu | 38 |  | 
| Enter hero's abilities submenu | 4 |  | 
| Right click | 786 |  | 
| Select / deselect | 258 |  | 
| Select group hotkey | 1160 |  | 
| Use ability | 73 |  | 
                2434 total
 » units 
                
                | Peasant | 13 |  | 
| Footman | 11 |  | 
| Rifleman | 5 |  | 
| Sorceress | 2 |  | 
| Priest | 2 |  | 
                33 total
 » upgrades
                
                | Long Rifles | 1 |  | 
| Sorceress Training | 1 |  | 
| Priest Training | 1 |  | 
                3 total
 » buildings
                
                | Farm | 9 |  | 
| Altar of Kings | 1 |  | 
| Barracks | 1 |  | 
| Scout Tower | 14 |  | 
| Arcane Tower | 5 |  | 
| Keep | 2 |  | 
| Lumber Mill | 1 |  | 
| Blacksmith | 1 |  | 
| Arcane Sanctum | 2 |  | 
| Town Hall | 1 |  | 
| Guard Tower | 6 |  | 
| Arcane Vault | 1 |  | 
                44 total
 » build order
                00:04 Farm
00:07 Altar of Kings
00:09 Farm
00:17 Barracks
01:03 Farm
01:42 Scout Tower
02:45 Arcane Tower
03:09 Keep
03:10 Keep
04:13 Farm
04:18 Lumber Mill
04:19 Farm
04:41 Scout Tower
05:02 Blacksmith
05:29 Arcane Tower
05:37 Arcane Sanctum
05:58 Arcane Sanctum
07:50 Town Hall
07:52 Scout Tower
07:53 Scout Tower
07:54 Scout Tower
07:57 Scout Tower
09:00 Guard Tower
09:28 Guard Tower
09:31 Scout Tower
09:51 Arcane Vault
09:54 Farm
10:07 Scout Tower
10:28 Scout Tower
10:29 Scout Tower
10:30 Scout Tower
10:36 Scout Tower
10:37 Scout Tower
10:40 Scout Tower
10:42 Arcane Tower
10:43 Arcane Tower
10:46 Farm
10:48 Guard Tower
10:51 Farm
10:56 Guard Tower
10:57 Guard Tower
11:20 Guard Tower
11:23 Farm
 
               
              
              
Wurm (
orange | 129 APM | 1776 actions | 13:45)
              
 1 Demon Hunter 
 1 Mana Burn
 1 Keeper of the Grove 
 1 Entangling Roots
 
                » actions 
                
                | Assign group hotkey | 15 |  | 
| Basic commands | 10 |  | 
| Build / train | 43 |  | 
| ESC pressed | 4 |  | 
| Enter build submenu | 17 |  | 
| Enter hero's abilities submenu | 2 |  | 
| Right click | 956 |  | 
| Select / deselect | 209 |  | 
| Select group hotkey | 467 |  | 
| Use ability | 53 |  | 
                1776 total
 » units 
                » buildings
                
                | Altar of Elders | 1 |  | 
| Moon Well | 9 |  | 
| Hunter's Hall | 1 |  | 
| Ancient of War | 1 |  | 
| Tree of Ages | 2 |  | 
| Ancient of Lore | 2 |  | 
                16 total
 » build order
                00:04 Altar of Elders
00:17 Moon Well
01:42 Hunter's Hall
01:46 Ancient of War
01:56 Moon Well
02:43 Tree of Ages
03:44 Moon Well
06:39 Moon Well
06:42 Moon Well
06:46 Ancient of Lore
06:48 Ancient of Lore
09:27 Moon Well
09:29 Moon Well
13:17 Moon Well
13:18 Moon Well
» items
                
                | Boots of Speed | 1 |  | 
| Potion of Lesser Invulnerability | 1 |  | 
| Staff of Teleportation | 1 |  | 
                3 total
  
                Chat log
          
(13:57 / All) EmineM-: nice right click skills